[Event "Titled Tuesday Blitz June 29 2021"]
[White "Fighter008"]
[Black "TigrVShlyape"]
[WhiteElo "2662"]
[BlackElo "2841"]
[Result "0-1"]
[Round "08"]
[TimeControl "180+1"]
[Date "2021.06.29"]
[WhiteClock "0:00:02"]
[BlackClock "0:00:13"]

1. Nf3 Nf6 2. g3 g6 3. Bg2 Bg7 4. O-O O-O 5. d3 d5 6. Nbd2 c6 7. e4 a5 8. e5 Ng4 9. d4 f6 10. h3 Nh6 11. Re1 Nf7 12. exf6 exf6 13. a4 Na6 14. Nb3 Nd6 15. Bf4 Nc4 16. Rb1 g5 17. Bc1 Bf5 18. Nbd2 Nd6 19. Nf1 Qd7 20. Kh2 Bg6 21. Ne3 Ne4 22. Rf1 Rae8 23. Bd2 Nxd2 24. Qxd2 Qc7 25. Kg1 h6 26. h4 Nb4 27. Rbe1 Qd7 28. Re2 g4 29. Ne1 h5 30. c3 Na6 31. Nd3 Bh6 32. Rfe1 Qh7 33. Nc1 f5 34. Nd3 f4 35. Nxf4 Bxf4 36. gxf4 Bd3 37. f5 Bxe2 38. Rxe2 Qe7 39. Nxg4 Qxh4 40. Ne5 Rxf5 41. Ng6 Rxe2 42. Qxe2 Qf6 43. Qe8+ Kg7 44. Ne5 Kh6 45. Qc8 Rxf2 46. Qg8 Rxg2+ 47. Qxg2 Qg7 48. Qxg7+ Kxg7 49. Kh2 Nc7 50. Kg3 Kf6 51. Kh4 Kf5 52. Kxh5 Ne6 53. Kh6 c5 0-1


[Site "https://www.chess.com"]

[Event "Titled Tuesday Blitz June 29 2021"]
[White "GM_Crest"]
[Black "FairChess_on_YouTube"]
[WhiteElo "2801"]
[BlackElo "2982"]
[Result "1/2-1/2"]
[Round "08"]
[TimeControl "180+1"]
[Date "2021.06.29"]
[WhiteClock "0:00:02"]
[BlackClock "0:00:10"]

1. d4 Nf6 2. c4 c5 3. d5 e5 4. Nc3 d6 5. e4 Be7 6. Bd3 Nbd7 7. h3 h5 8. Nf3 h4 9. Be3 Nf8 10. Qd2 Ng6 11. O-O-O a6 12. a4 Bd7 13. Kc2 Qa5 14. Ra1 Nh5 15. b3 Ngf4 16. Rhg1 Nxd3 17. Qxd3 O-O 18. g4 hxg3 19. fxg3 f5 20. Nd2 f4 21. gxf4 exf4 22. Bf2 Bf6 23. Nf3 Rae8 24. Be1 Ng3 25. Bd2 Bxh3 26. Ne2 Qc7 27. Nxf4 Bxa1 28. Rxg3 Bc8 29. Ng5 Be5 30. Rf3 Bg4 31. Rf1 Qe7 32. Ng6 Qd8 33. Nxf8 Rxf8 34. Ne6 Bxe6 35. Rxf8+ Kxf8 36. dxe6 Qf6 37. Qd5 g5 38. Qxb7 Qxe6 39. Qxa6 g4 40. Qa8+ Kg7 41. Qd8 g3 42. Qg5+ Qg6 43. Qe7+ Qf7 44. Qg5+ Qg6 45. Qe7+ Kg8 46. Qd8+ Kf7 47. Qd7+ Kf8 48. Qd8+ Kf7 49. Qd7+ Kf6 50. Qd8+ Ke6 51. Qc8+ Ke7 52. Qc7+ Kf8 53. Qd8+ Kg7 54. Qe7+ 1/2-1/2


[Site "https://www.chess.com"]

[Event "Titled Tuesday Blitz June 29 2021"]
[White "GM_dmitrij"]
[Black "GMKrikor"]
[WhiteElo "2914"]
[BlackElo "2764"]
[Result "0-1"]
[Round "08"]
[TimeControl "180+1"]
[Date "2021.06.29"]
[WhiteClock "0:00:07"]
[BlackClock "0:00:05"]

1. e4 c5 2. Nf3 d6 3. Bb5+ Nd7 4. O-O a6 5. Bd3 Ngf6 6. Re1 e6 7. c3 b5 8. Bc2 c4 9. a4 Bb7 10. d4 cxd3 11. Qxd3 Nc5 12. Qe2 bxa4 13. Be3 Nfd7 14. Rxa4 Nxa4 15. Bxa4 Be7 16. e5 d5 17. Nd4 O-O 18. Bf4 Nc5 19. Bc2 a5 20. Qg4 g6 21. Nd2 Ba6 22. Re3 Qb6 23. b3 a4 24. bxa4 Qb2 25. N2f3 Ne4 26. Bh6 Rfc8 27. h4 Qc1+ 28. Ne1 Rxc3 29. Rxe4 Qxh6 30. Rf4 Qg7 31. Nxe6 Bc8 32. Nxg7 Bxg4 33. Rxg4 Kxg7 34. Rd4 Rc4 35. Rxd5 Bb4 36. Nd3 Rxc2 37. Nxb4 Rc1+ 38. Kh2 Rxa4 39. Nd3 Rd1 40. g3 Ra2 41. Kg2 Rad2 42. e6 fxe6 43. Rd7+ Kg8 44. Rd8+ Kg7 45. Rd7+ Kf8 46. Rd8+ Ke7 47. Rh8 Rxd3 48. Rxh7+ Kf6 49. Rh8 Rd8 50. Rh7 R1d7 51. Rh6 Kg7 0-1


[Site "https://www.chess.com"]

[Event "Titled Tuesday Blitz June 29 2021"]
[White "GOGIEFF"]
[Black "Alexander_Donchenko"]
[WhiteElo "2997"]
[BlackElo "2857"]
[Result "0-1"]
[Round "08"]
[TimeControl "180+1"]
[Date "2021.06.29"]
[WhiteClock "0:00:09"]
[BlackClock "0:00:05"]

1. d4 Nf6 2. c4 e6 3. Nc3 Bb4 4. e3 O-O 5. Bd3 d5 6. Nf3 dxc4 7. Bxc4 c5 8. O-O cxd4 9. exd4 b6 10. Bg5 Bb7 11. Qe2 Nbd7 12. Rac1 Rc8 13. Bb3 h6 14. Bh4 Be7 15. Rfd1 Re8 16. Ne5 Nxe5 17. dxe5 Nd5 18. Bxd5 Bxd5 19. Bg3 Qc7 20. Bf4 Ba8 21. Nd5 Qb7 22. Nxe7+ Qxe7 23. Qg4 Kh8 24. h3 Bd5 25. b3 Rxc1 26. Rxc1 Qd7 27. Rc3 Rg8 28. Rg3 Qd8 29. Qh5 Qf8 30. Rc3 Be4 31. Rc7 Bg6 32. Qf3 Qa3 33. h4 Qxa2 34. h5 Bf5 35. Rxf7 Qb1+ 36. Kh2 Qe4 37. Qxe4 Bxe4 38. Rxa7 Bd5 39. b4 b5 40. Be3 Rf8 41. g4 Bc4 42. Kg3 Bd5 43. f4 Rc8 44. Bc5 Ra8 45. Rd7 Ra3+ 46. Kf2 Rf3+ 47. Ke2 Rxf4 48. g5 hxg5 49. Be3 Rf5 50. Bd4 Kh7 51. Bf2 Kh6 52. Bg3 Bc4+ 53. Ke3 g4 54. Kd4 Rf3 0-1


[Site "https://www.chess.com"]

[Event "Titled Tuesday Blitz June 29 2021"]
[White "GianmarcoVaR"]
[Black "wonderfultime"]
[WhiteElo "2686"]
[BlackElo "2860"]
[Result "0-1"]
[Round "08"]
[TimeControl "180+1"]
[Date "2021.06.29"]
[WhiteClock "0:00:01"]
[BlackClock "0:01:22"]

1. d4 d5 2. c4 c6 3. Nf3 Nf6 4. e3 Bf5 5. Nc3 e6 6. Nh4 Be4 7. f3 Bg6 8. Qb3 Qc7 9. Bd2 Be7 10. O-O-O dxc4 11. Bxc4 b5 12. Be2 a6 13. Nxg6 hxg6 14. Kb1 c5 15. dxc5 Nbd7 16. Qc2 Bxc5 17. f4 Rc8 18. Bf3 Be7 19. Rc1 O-O 20. h4 Rfd8 21. g4 Nb6 22. g5 Nc4 23. Rh2 Nh5 24. Bxh5 gxh5 25. g6 Bf6 26. gxf7+ Qxf7 27. Ka1 b4 28. Qa4 bxc3 29. Bxc3 Nb6 30. Qxa6 Nd5 31. Bxf6 Rxc1# 0-1


[Site "https://www.chess.com"]

[Event "Titled Tuesday Blitz June 29 2021"]
[White "Hikaru"]
[Black "Duhless"]
[WhiteElo "3157"]
[BlackElo "3077"]
[Result "1-0"]
[Round "08"]
[TimeControl "180+1"]
[Date "2021.06.29"]
[WhiteClock "0:00:21"]
[BlackClock "0:00:03"]

1. b4 e6 2. Bb2 Nf6 3. a3 b6 4. e3 Bb7 5. d4 Be7 6. c4 O-O 7. Nf3 d6 8. Bd3 Nbd7 9. Nc3 a6 10. O-O c5 11. d5 exd5 12. cxd5 Re8 13. b5 axb5 14. Bxb5 Bf8 15. a4 g6 16. Qb3 Bg7 17. Rab1 Re7 18. Rfd1 Ne5 19. Nxe5 Rxe5 20. Bc6 Bc8 21. Bxa8 Rg5 22. f4 Rh5 23. Ne2 Ng4 24. h3 Rxh3 25. gxh3 Qh4 26. hxg4 Bxg4 27. e4 Bxe2 28. Bxg7 Qxf4 29. Kg2 h5 30. Rf1 Qxe4+ 31. Kh2 h4 32. Rf2 Bd3 33. Rg1 Qe3 34. Qb2 Be4 35. Bh8 1-0


[Site "https://www.chess.com"]

[Event "Titled Tuesday Blitz June 29 2021"]
[White "JiaHaoxiang"]
[Black "Beca95"]
[WhiteElo "2657"]
[BlackElo "2838"]
[Result "0-1"]
[Round "08"]
[TimeControl "180+1"]
[Date "2021.06.29"]
[WhiteClock "0:00:24"]
[BlackClock "0:00:39"]

1. Nf3 c5 2. e4 Nc6 3. Bb5 e6 4. O-O Nge7 5. Re1 a6 6. Bf1 d5 7. c3 d4 8. Na3 e5 9. Nc4 Be6 10. Ncxe5 Qc7 11. Nxc6 Nxc6 12. d3 h6 13. g3 g5 14. Bg2 Be7 15. cxd4 cxd4 16. Bd2 g4 17. Bf4 Qa5 18. Nd2 Bg5 19. Nc4 Bxc4 20. dxc4 Bxf4 21. gxf4 h5 22. e5 Rd8 23. a3 d3 24. Bxc6+ bxc6 25. b4 Qb6 26. Re3 Qd4 27. f5 h4 28. e6 d2 29. Ra2 g3 30. Re2 gxh2+ 31. Kxh2 Qf4+ 32. Kh1 Qf3+ 33. Kh2 Qxe2 34. Qxe2 d1=Q 35. exf7+ Kf8 36. Qe3 Qd6+ 37. Kh1 h3 38. Re2 Kxf7 0-1


[Site "https://www.chess.com"]

[Event "Titled Tuesday Blitz June 29 2021"]
[White "NTBT_DHS"]
[Black "Indianlad"]
[WhiteElo "2702"]
[BlackElo "2946"]
[Result "1-0"]
[Round "08"]
[TimeControl "180+1"]
[Date "2021.06.29"]
[WhiteClock "0:00:12"]
[BlackClock "0:00:01"]

1. e4 g6 2. Nf3 Bg7 3. Bc4 c6 4. Bb3 a5 5. a4 d5 6. O-O dxe4 7. Ng5 Nh6 8. Nc3 O-O 9. Ncxe4 Na6 10. c3 e5 11. d3 Kh8 12. h3 f5 13. Ng3 Nc5 14. Bc4 Nxa4 15. Nf3 b5 16. Nxe5 Nxc3 17. bxc3 bxc4 18. d4 Qd5 19. Qe2 f4 20. Ne4 Be6 21. Ng5 Bg8 22. Re1 c5 23. Bb2 cxd4 24. cxd4 Nf5 25. Qg4 Rab8 26. Bc3 Rb5 27. Reb1 Rxb1+ 28. Rxb1 Ne7 29. Rb6 h6 30. Qh4 Rf5 31. Rxg6 Rxg5 32. Rxh6+ Bxh6 33. Qxh6+ Bh7 34. Qxg5 Nf5 35. Qf6+ Kg8 36. Ng4 f3 37. g3 a4 38. Bb4 Qf7 39. Qd8+ Kg7 40. d5 Nd4 41. Bc3 Qa7 42. Qf6+ Kg8 43. Nh6# 1-0


[Site "https://www.chess.com"]

[Event "Titled Tuesday Blitz June 29 2021"]
[White "Riazantsev"]
[Black "ChristopherYoo"]
[WhiteElo "2748"]
[BlackElo "2935"]
[Result "1-0"]
[Round "08"]
[TimeControl "180+1"]
[Date "2021.06.29"]
[WhiteClock "0:00:59"]
[BlackClock "0:00:02"]

1. d4 Nf6 2. Nf3 d5 3. Bf4 Bf5 4. e3 e6 5. Be2 Bd6 6. O-O O-O 7. Nbd2 Qe7 8. Ne5 Nbd7 9. c4 Bxe5 10. dxe5 Ne4 11. Nxe4 dxe4 12. Qc2 Nc5 13. Bg3 Rfd8 14. Rad1 Nd3 15. Qc3 Rd7 16. Bxd3 exd3 17. f3 Qc5 18. Bf2 Qc6 19. e4 Bxe4 20. fxe4 Qxe4 21. Rfe1 Qf5 22. Rd2 Rad8 23. h3 h5 24. Re3 Kh7 25. Qc1 Rd4 26. b3 h4 27. Qe1 Rf4 28. Bxh4 Rdd4 29. Bg3 Rfe4 30. Qf2 Rxe3 31. Qxe3 c5 32. Qf3 Qg6 33. Kh2 b6 34. Bf2 Rd7 35. Qf4 Kg8 36. Be3 Rd8 37. g4 Rd7 38. Kg3 Kf8 39. h4 Ke8 40. h5 Qh7 41. Kf3 g6 42. h6 Kf8 43. g5 Kg8 44. Qf6 Kf8 45. Ke4 Kg8 46. Rxd3 1-0


[Site "https://www.chess.com"]

[Event "Titled Tuesday Blitz June 29 2021"]
[White "Sharpchess22"]
[Black "Grischuk"]
[WhiteElo "2880"]
[BlackElo "3077"]
[Result "0-1"]
[Round "08"]
[TimeControl "180+1"]
[Date "2021.06.29"]
[WhiteClock "0:00:20"]
[BlackClock "0:00:10"]

1. e4 c5 2. Nf3 d6 3. Bb5+ Bd7 4. a4 Nf6 5. Nc3 Nc6 6. O-O g6 7. Re1 Bg7 8. Bxc6 Bxc6 9. e5 dxe5 10. Nxe5 Rc8 11. d3 O-O 12. Nxc6 Rxc6 13. Qf3 Qd7 14. Bf4 Rd8 15. b3 Ne8 16. Bd2 Nc7 17. Rac1 Ne6 18. Ne4 Nd4 19. Qg3 b6 20. Bf4 Re6 21. Be3 h6 22. Qh3 f5 23. Nd2 g5 24. Bxd4 cxd4 25. Rxe6 Qxe6 26. Kf1 g4 27. Qh4 Qf6 28. Qh5 Qg5 29. Qxg5 hxg5 30. Re1 Kf7 31. Nc4 Rh8 32. Kg1 Rc8 33. g3 a6 34. Re2 b5 35. axb5 axb5 36. Na3 Rc5 37. Kf1 e6 38. Ke1 Bf8 39. Kd1 Rd5 40. Nb1 Bb4 41. Nd2 Rd7 42. Re5 Rb7 43. f3 Kf6 44. Re2 Bxd2 45. Rxd2 gxf3 46. Ke1 g4 0-1


[Site "https://www.chess.com"]

[Event "Titled Tuesday Blitz June 29 2021"]
[White "Tayson_7"]
[Black "Gabrielian_Artur"]
[WhiteElo "2637"]
[BlackElo "2806"]
[Result "1-0"]
[Round "08"]
[TimeControl "180+1"]
[Date "2021.06.29"]
[WhiteClock "0:01:31"]
[BlackClock "0:00:13"]

1. e4 c5 2. Nc3 d6 3. Nge2 Nc6 4. d4 cxd4 5. Nxd4 Nf6 6. Bc4 Qb6 7. Ndb5 a6 8. Be3 Qa5 9. Nd4 e6 10. O-O Be7 11. a3 O-O 12. Ba2 Bd7 13. f4 Nxd4 14. Qxd4 Bc6 15. f5 e5 16. Qd3 h6 17. Bf2 Rac8 18. Bh4 Qb6+ 19. Kh1 Qd4 20. Qe2 Qb6 21. Bxf6 Bxf6 22. Rab1 Qc5 23. Rf2 b5 24. Nd5 Bxd5 25. Bxd5 a5 26. g3 b4 27. a4 Rc7 28. Rd1 Rfc8 29. Bb3 Qb6 30. Kg2 Kf8 31. h4 Rc5 32. Kh3 Ke7 33. Qh5 Rc4 34. Rfd2 R8c7 35. Bxc4 Rxc4 36. Rxd6 Qxd6 37. Rxd6 Kxd6 38. Qxf7 Rxc2 39. Qd5+ Ke7 40. Qxa5 Rxb2 41. Qc5+ Kd7 42. a5 b3 43. a6 Ra2 44. a7 1-0


[Site "https://www.chess.com"]

[Event "Titled Tuesday Blitz June 29 2021"]
[White "TheBigBoss04"]
[Black "FMJoseHerrera"]
[WhiteElo "2775"]
[BlackElo "2587"]
[Result "1-0"]
[Round "08"]
[TimeControl "180+1"]
[Date "2021.06.29"]
[WhiteClock "0:01:32"]
[BlackClock "0:01:18"]

1. d4 Nf6 2. Nc3 c5 3. d5 g6 4. e4 Bg7 5. Nf3 O-O 6. a4 e6 7. Be2 exd5 8. exd5 d6 9. O-O Nbd7 10. Bf4 Nb8 11. Nd2 Ne8 12. Nc4 a6 13. Qd2 b6 14. Ne4 Bb7 15. Nexd6 Nxd6 16. Nxd6 Ra7 17. c3 Nd7 18. Nxb7 Rxb7 19. Bxa6 Ra7 20. Bb5 Nf6 21. d6 Ne4 22. Qd5 Nf6 23. Qc6 Nh5 24. Bg3 Qg5 25. d7 Nxg3 26. hxg3 h5 27. Rfe1 h4 28. gxh4 Qxh4 29. Re8 Bf6 30. Rd1 Bd8 31. Qd6 Qh6 32. Rde1 Bc7 33. Rxf8+ Qxf8 34. Qxf8+ Kxf8 35. Re8+ 1-0


[Site "https://www.chess.com"]

[Event "Titled Tuesday Blitz June 29 2021"]
[White "dretch"]
[Black "Skat2704"]
[WhiteElo "2830"]
[BlackElo "2646"]
[Result "0-1"]
[Round "08"]
[TimeControl "180+1"]
[Date "2021.06.29"]
[WhiteClock "0:00:01"]
[BlackClock "0:01:04"]

1. d4 d5 2. c4 e6 3. Nc3 Nf6 4. cxd5 exd5 5. Bg5 Be7 6. e3 h6 7. Bh4 O-O 8. Bd3 b6 9. Nf3 Bb7 10. O-O c5 11. dxc5 bxc5 12. Qb3 Bc6 13. Bb5 Qb6 14. Ne5 Bxb5 15. Qxb5 Qxb5 16. Nxb5 Rc8 17. Rfd1 Nc6 18. Nxc6 Rxc6 19. b3 a6 20. Nc3 g5 21. Bg3 Rd8 22. Be5 Re6 23. f4 gxf4 24. Bxf4 d4 25. exd4 Rxd4 26. Rxd4 cxd4 27. Na4 Nd5 28. Bd2 Re2 29. Bxh6 Bf6 30. Rf1 d3 31. Rd1 Bd4+ 32. Kh1 Be3 33. g3 Bxh6 34. Rxd3 Ne3 35. h3 Rxa2 36. Nc5 Nf5 37. Nd7 Be3 38. Nf6+ Kf8 39. Ne4 Re2 40. g4 Nh4 0-1


[Site "https://www.chess.com"]

[Event "Titled Tuesday Blitz June 29 2021"]
[White "exoticprincess"]
[Black "kingofthenil"]
[WhiteElo "2867"]
[BlackElo "2625"]
[Result "1-0"]
[Round "08"]
[TimeControl "180+1"]
[Date "2021.06.29"]
[WhiteClock "0:00:46"]
[BlackClock "0:00:07"]

1. e4 Nc6 2. Nc3 d5 3. Nxd5 f5 4. d3 Nf6 5. Nc3 e5 6. Nf3 Bb4 7. Bd2 O-O 8. Be2 h6 9. O-O Be6 10. exf5 Bxf5 11. a3 Ba5 12. Re1 Kh8 13. h3 Qd7 14. Bf1 Rae8 15. Ne4 Bb6 16. Ng3 Bh7 17. Be3 Nd5 18. Bxb6 axb6 19. Nd2 Nf4 20. Nde4 Nd4 21. c3 Nc6 22. Qg4 Qf7 23. Rad1 Rd8 24. Re3 Ne7 25. Ree1 Ned5 26. Kh2 Ne7 27. Rd2 Nc6 28. Qd1 h5 29. Ng5 Qg6 30. Nxh7 Kxh7 31. Ne4 h4 32. Qg4 Qxg4 33. hxg4 Ne6 34. Be2 g5 35. Bf3 Kg7 36. Re3 Rd7 37. g3 Rh8 38. Kg2 Rhd8 39. Bd1 Kg6 40. Bc2 hxg3 41. fxg3 Kg7 42. Rf2 Rf8 43. Rf5 Ne7 44. Rxe5 Nd5 45. Re1 Nd8 46. Rxg5+ Kh8 47. Rh1+ Rh7 48. Rxh7+ Kxh7 49. Rxd5 1-0


[Site "https://www.chess.com"]

[Event "Titled Tuesday Blitz June 29 2021"]
[White "hanzo_hasashi1"]
[Black "Oleksandr_Bortnyk"]
[WhiteElo "2872"]
[BlackElo "3019"]
[Result "0-1"]
[Round "08"]
[TimeControl "180+1"]
[Date "2021.06.29"]
[WhiteClock "0:00:14"]
[BlackClock "0:00:10"]

1. c4 d6 2. Nc3 e5 3. g3 g6 4. d4 Nc6 5. dxe5 dxe5 6. Qxd8+ Nxd8 7. f4 exf4 8. gxf4 c6 9. Nf3 Nf6 10. e4 Bb4 11. Bd3 Bg4 12. Ne5 Bh3 13. Kf2 O-O 14. Be3 Re8 15. Kg3 Bc8 16. Rhe1 Ne6 17. Rad1 Nh5+ 18. Kf3 Nexf4 19. Ng4 Bxg4+ 20. Kxg4 Nxd3 21. Rxd3 Bxc3 22. Rxc3 Rxe4+ 23. Kf3 Rae8 24. Rd1 Rh4 25. Kg2 Nf4+ 26. Kg3 g5 27. Bxf4 Rxf4 28. Rd7 Re2 29. Rxb7 h5 30. a4 Rff2 31. Rd3 Rxh2 32. Rxa7 Rxb2 33. a5 Kg7 34. a6 Kg6 35. Rc7 h4+ 36. Kf3 Rh3+ 37. Ke4 f5+ 38. Kd4 Rxd3+ 39. Kxd3 Ra2 40. Rxc6+ Kh5 41. Rf6 Kg4 42. c5 h3 43. Rh6 Kg3 44. Kc4 h2 45. Kb5 Ra1 46. c6 h1=Q 47. Rxh1 Rxh1 48. a7 Rh8 49. Kb6 f4 50. c7 f3 51. Kb7 f2 52. a8=Q Rxa8 53. Kxa8 f1=Q 54. c8=Q Qf3+ 55. Ka7 g4 56. Qc7+ Kg2 57. Qc2+ Qf2+ 58. Qxf2+ Kxf2 0-1


[Site "https://www.chess.com"]

[Event "Titled Tuesday Blitz June 29 2021"]
[White "louis198"]
[Black "seorobert1971"]
[WhiteElo "2614"]
[BlackElo "2782"]
[Result "1-0"]
[Round "08"]
[TimeControl "180+1"]
[Date "2021.06.29"]
[WhiteClock "0:01:16"]
[BlackClock "0:02:04"]

1. d4 d5 2. c4 c6 3. Nc3 Nf6 4. Nf3 e6 5. Bg5 Nbd7 6. e3 Qa5 7. Bxf6 Nxf6 8. Nd2 Be7 9. Bd3 O-O 10. O-O Qd8 11. Qc2 h6 12. Rfd1 b6 13. Rac1 Bb7 14. h3 a6 15. a3 Qd7 16. Nf3 Rfc8 17. e4 dxe4 18. Nxe4 Nxe4 19. Bxe4 Qc7 20. c5 a5 21. b4 axb4 22. axb4 bxc5 23. dxc5 Ba6 24. Nd4 Bb7 25. Qc4 Bf6 26. b5 Bxd4 27. b6 Bxf2+ 28. Kxf2 Qf4+ 29. Bf3 Qxc4 30. Rxc4 Ra5 31. Rd7 Ba6 32. Rc2 Rb5 33. Ra7 Ra5 34. Be2 1-0


[Site "https://www.chess.com"]

[Event "Titled Tuesday Blitz June 29 2021"]
[White "moro182"]
[Black "erichansen"]
[WhiteElo "2712"]
[BlackElo "2922"]
[Result "0-1"]
[Round "08"]
[TimeControl "180+1"]
[Date "2021.06.29"]
[WhiteClock "0:00:01"]
[BlackClock "0:00:01"]

1. d4 Nf6 2. c4 g6 3. Nc3 d5 4. cxd5 Nxd5 5. e4 Nxc3 6. bxc3 Bg7 7. Bb5+ c6 8. Ba4 O-O 9. Ne2 e5 10. O-O Nd7 11. Be3 b5 12. Bb3 a5 13. f4 a4 14. Bc2 exd4 15. Nxd4 Nb6 16. Nxc6 Qc7 17. Ne5 Rd8 18. Qe2 Be6 19. Qf2 Rab8 20. Bd4 b4 21. f5 Bxe5 22. fxe6 fxe6 23. Bxe5 Qxe5 24. cxb4 Nc4 25. Bxa4 Rxb4 26. Bb3 Nd2 27. Rad1 Rbd4 28. Qf7+ Kh8 29. Qxe6 Qxe6 30. Bxe6 Nxf1 31. Rxf1 Rxe4 32. Bb3 Re7 33. g4 Kg7 34. Rf3 Rd4 35. h3 Rd2 36. Rf1 Kh6 37. Bc4 Kg5 38. Bb3 Kh4 39. Rf3 Re1+ 40. Rf1 Re3 41. Rf7 Kg3 42. Kf1 Rb2 43. Rxh7 g5 44. Rf7 Rb1+ 0-1


[Site "https://www.chess.com"]

[Event "Titled Tuesday Blitz June 29 2021"]
[White "nrvisakh"]
[Black "AlexPapasimakopoulos"]
[WhiteElo "2844"]
[BlackElo "2682"]
[Result "1-0"]
[Round "08"]
[TimeControl "180+1"]
[Date "2021.06.29"]
[WhiteClock "0:00:15"]
[BlackClock "0:00:08"]

1. e4 e6 2. d4 d5 3. e5 b6 4. c3 Qd7 5. Nf3 Ne7 6. h4 h5 7. Bd3 Ba6 8. O-O Bxd3 9. Qxd3 Nf5 10. Bg5 Be7 11. Nbd2 Bxg5 12. hxg5 Nc6 13. a4 a5 14. Rfd1 Nce7 15. Nf1 h4 16. Ne3 Nxe3 17. Qxe3 Nf5 18. Qf4 g6 19. Nh2 Kf8 20. Ng4 Kg7 21. Rd3 c5 22. dxc5 bxc5 23. Rad1 Rab8 24. R3d2 Rb7 25. Ne3 Qe7 26. Re1 Rh5 27. c4 d4 28. Nxf5+ exf5 29. e6 fxe6 30. Qe5+ Kf7 31. f4 h3 32. g3 Rb3 33. Kh2 Rb6 34. Rde2 Kg8 35. Rf2 Rh7 36. Qe2 Qb7 37. g4 Rf7 38. gxf5 Rxf5 39. b3 Kg7 40. Qg4 Qb8 41. Qxh3 Qh8 42. Qxh8+ Kxh8 43. Rf3 Kg7 44. Re5 Kf7 45. Kg3 Rb8 46. Kg4 Rh8 47. Rf1 Rh2 48. Rfe1 Rg2+ 49. Kh3 Rb2 50. Rxe6 Rxb3+ 51. Kg4 Kg7 52. Rd6 Rb7 53. Ree6 Rbf7 54. Rxg6+ Kf8 55. Kh5 Rxf4 56. Rge6 Rf1 57. Kg6 Rg7+ 58. Kh5 Rh1+ 59. Kg4 Rg1+ 60. Kf4 R7xg5 61. Rf6+ Kg7 62. Rf5 R1g4+ 63. Ke5 Rxf5+ 64. Kxf5 d3 65. Kxg4 1-0


[Site "https://www.chess.com"]

[Event "Titled Tuesday Blitz June 29 2021"]
[White "tsaruk_maks"]
[Black "Khamrakulov_Djurabek"]
[WhiteElo "2649"]
[BlackElo "2830"]
[Result "1-0"]
[Round "08"]
[TimeControl "180+1"]
[Date "2021.06.29"]
[WhiteClock "0:00:39"]
[BlackClock "0:00:50"]

1. e4 e6 2. d4 d5 3. Nd2 dxe4 4. Nxe4 Nd7 5. Nf3 Ngf6 6. Nxf6+ Nxf6 7. c3 Be7 8. Bd3 O-O 9. Qe2 c5 10. dxc5 Bxc5 11. Bg5 Be7 12. O-O-O Qa5 13. Kb1 Rd8 14. Ne5 h6 15. Bh4 Qb6 16. g4 Nd5 17. Bxe7 Nxe7 18. Qe4 g6 19. Qf4 f5 20. Qxh6 Bd7 21. Nxg6 Nxg6 22. Qxg6+ Kf8 23. gxf5 exf5 24. Bxf5 Qxg6 25. Bxg6 Bc6 26. Rhe1 Kg7 27. Rxd8 Rxd8 28. Be4 Re8 29. Rg1+ Kf6 30. Bxc6 bxc6 31. Rg4 Re1+ 32. Kc2 Re2+ 33. Kb3 Rxf2 34. Rc4 Rxh2 35. Rxc6+ Ke5 36. Rc7 1-0


[Site "https://www.chess.com"]

[Event "Titled Tuesday Blitz June 29 2021"]
[White "AlexOstrovskiy"]
[Black "GOGIEFF"]
[WhiteElo "2790"]
[BlackElo "2986"]
[Result "1/2-1/2"]
[Round "09"]
[TimeControl "180+1"]
[Date "2021.06.29"]
[WhiteClock "0:00:04"]
[BlackClock "0:00:16"]

1. d4 Nf6 2. Bf4 c5 3. dxc5 Na6 4. f3 Nxc5 5. e4 e6 6. Nc3 Be7 7. Qd2 O-O 8. O-O-O d5 9. exd5 exd5 10. Nge2 Be6 11. Nd4 a6 12. g4 b5 13. Nc6 Qe8 14. Nxe7+ Qxe7 15. Ne2 d4 16. Nxd4 Bxa2 17. Nf5 Qb7 18. Bd6 Nb3+ 19. cxb3 Rfc8+ 20. Bc4 Bxb3 21. Kb1 Rxc4 22. Rc1 Qxf3 23. Qg5 Qe4+ 24. Ka1 Ra4+ 25. Ba3 Qxg4 26. Nh6+ Kh8 27. Nxg4 Rxg4 28. Qe3 Be6 29. b3 Nd5 30. Qf3 Rf4 31. Qe2 a5 32. Qxb5 a4 33. b4 Rf3 34. Bb2 a3 35. Be5 Rf2 36. Bd4 Ra2+ 37. Kb1 Rd2 38. Bc3 Nxc3+ 39. Rxc3 Rb2+ 40. Ka1 Ra2+ 41. Kb1 Rb2+ 42. Ka1 Ra2+ 43. Kb1 Rb2+ 1/2-1/2


[Site "https://www.chess.com"]

[Event "Titled Tuesday Blitz June 29 2021"]
[White "Alexander_Donchenko"]
[Black "Hikaru"]
[WhiteElo "2868"]
[BlackElo "3163"]
[Result "0-1"]
[Round "09"]
[TimeControl "180+1"]
[Date "2021.06.29"]
[WhiteClock "0:00:01"]
[BlackClock "0:00:14"]

1. Nf3 d5 2. g3 g6 3. Bg2 Bg7 4. d4 Nd7 5. O-O Ngf6 6. c4 dxc4 7. Na3 Nb6 8. Ne5 c6 9. Naxc4 Nxc4 10. Nxc4 Be6 11. b3 O-O 12. Bb2 Bd5 13. f3 Nd7 14. e4 Bxc4 15. bxc4 c5 16. e5 Nb6 17. Qb3 cxd4 18. f4 Rc8 19. Rac1 Nd7 20. Bxd4 b6 21. Qa3 Rc7 22. Rfd1 Qc8 23. Kh1 e6 24. Bg1 Re8 25. Rd2 Bf8 26. Qa4 Be7 27. Rcd1 Nf8 28. h4 h5 29. Kh2 Rd8 30. Rxd8 Bxd8 31. Qe8 Be7 32. Qxc8 Rxc8 33. Bf1 Bc5 34. Bxc5 Rxc5 35. Kg2 Rc7 36. Rd8 Kg7 37. Kf3 Nd7 38. Ke3 Nc5 39. Bg2 Na6 40. Kd4 Nb4 41. a4 Nc2+ 42. Kc3 Ne3 43. Bf3 Nxc4 44. Kb4 Ne3 45. Kb5 Rc5+ 46. Kb4 Nf5 0-1


[Site "https://www.chess.com"]

[Event "Titled Tuesday Blitz June 29 2021"]
[White "Aradhya2000"]
[Black "Aleksandar-Topalov"]
[WhiteElo "2694"]
[BlackElo "2411"]
[Result "1-0"]
[Round "09"]
[TimeControl "180+1"]
[Date "2021.06.29"]
[WhiteClock "0:02:36"]
[BlackClock "0:01:58"]

1. d4 Nf6 2. c4 c5 3. dxc5 Na6 4. Be3 Ng4 5. Qd2 Nxe3 6. Qxe3 Qa5+ 7. Nc3 Qxc5 8. Qxc5 Nxc5 9. g3 d6 10. Bg2 a6 11. Nh3 g6 12. Nf4 Bg7 13. Rc1 Rb8 14. O-O O-O 15. Nfd5 e6 16. Ne7+ Kh8 17. Rfd1 Rd8 18. b4 Bf6 19. Nxc8 Rbxc8 20. bxc5 Rxc5 21. Ne4 1-0


[Site "https://www.chess.com"]

[Event "Titled Tuesday Blitz June 29 2021"]
[White "Beca95"]
[Black "Skat2704"]
[WhiteElo "2842"]
[BlackElo "2658"]
[Result "1-0"]
[Round "09"]
[TimeControl "180+1"]
[Date "2021.06.29"]
[WhiteClock "0:01:48"]
[BlackClock "0:00:19"]

1. d4 d5 2. Nf3 Nf6 3. Bf4 e6 4. e3 Bd6 5. Nbd2 O-O 6. Bd3 c5 7. dxc5 Bxf4 8. exf4 Qc7 9. g3 Qxc5 10. Qe2 Nc6 11. a3 a6 12. O-O b5 13. c3 Qb6 14. Ne5 Na5 15. Ndf3 Nb3 16. Rad1 Nc5 17. Bb1 Bb7 18. Nd4 Rfd8 19. Kg2 Rac8 20. h4 Nfe4 21. f3 Nd6 22. g4 a5 23. h5 b4 24. Qc2 f5 25. gxf5 b3 26. Qf2 exf5 27. Rg1 Na4 28. Kh3 Rc7 29. Rg2 Bc8 30. Rdg1 Nc4 31. Qh4 Ra7 32. h6 Ne3 33. Rxg7+ 1-0


[Site "https://www.chess.com"]

[Event "Titled Tuesday Blitz June 29 2021"]
[White "BigAl"]
[Black "moro182"]
[WhiteElo "2616"]
[BlackElo "2708"]
[Result "0-1"]
[Round "09"]
[TimeControl "180+1"]
[Date "2021.06.29"]
[WhiteClock "0:00:08"]
[BlackClock "0:00:04"]

1. Nf3 g6 2. e4 Bg7 3. d4 d6 4. Nc3 Nf6 5. Be3 O-O 6. Qd2 d5 7. e5 Ne4 8. Nxe4 dxe4 9. Ng5 c5 10. c3 cxd4 11. cxd4 Nc6 12. Bc4 Bf5 13. O-O Rc8 14. Rac1 e6 15. f3 exf3 16. Nxf3 Qa5 17. Qf2 Nb4 18. Nh4 Bd3 19. Bb3 Bxf1 20. Rxf1 Nd5 21. Nf3 Nxe3 22. Qxe3 Qb4 23. Qe4 Rcd8 24. h4 h5 25. Rd1 Rd7 26. Ng5 Rfd8 27. Nxe6 fxe6 28. Bxe6+ Kh8 29. Bxd7 Rxd7 30. Qxg6 Rxd4 31. Qe8+ Kh7 32. Qxh5+ Kg8 33. Qe8+ Kh7 34. Qh5+ Kg8 35. Rf1 Qe7 36. Rf5 Re4 37. Qg6 Rxe5 38. Rf1 Re1 39. h5 Rxf1+ 40. Kxf1 Qf6+ 41. Qxf6 Bxf6 42. Kf2 Bxb2 43. Kf3 Kg7 44. Kf4 Kh6 45. g4 Bc1+ 46. Kf5 b5 47. Ke4 Kg5 48. Kd5 Kxg4 49. Kc5 Kxh5 50. Kxb5 Be3 51. a4 Kg4 52. a5 Kf5 53. a6 Ke6 0-1


[Site "https://www.chess.com"]